Map: Temple gelé

Players

pupu

  • Race: Protoss Protoss
  • League: Silver

CØCÄ - Winner!

  • Race: Terran Terran
  • League: Silver

VOD

Have the link to the VOD?

Description

Time

  • Played on: April 4, 2016, 10:44 a.m.
  • Length: 21:59
Show
View Real Time Build Order
Export as new Build Order

pupu Protoss 

Build Orders: Nexus First 

Get SALT Encoding   

  12  0:01  Probe (Chrono Boost)  
  13  0:11  Probe (Chrono Boost)  
  14  0:19  Pylon  
  14  0:22  Probe (Chrono Boost)  
  15  0:38  Probe (Chrono Boost)  
  16  0:48  Probe (Chrono Boost)  
  17  1:03  Nexus  
  17  1:14  Gateway  
  17  1:15  Probe (Chrono Boost)  
  18  1:21  Assimilator  
  18  1:26  Probe (Chrono Boost)  
  18  1:31  Assimilator  
  19  1:38  Pylon  
  19  1:39  Probe (Chrono Boost)  
  20  1:50  Probe (Chrono Boost)  
  21  2:00  Probe (Chrono Boost)  
  22  2:11  Probe (Chrono Boost)  
  23  2:20  Probe (Chrono Boost)  
  23  2:22  Probe (Chrono Boost), Cybernetics Core  
  25  2:25  Pylon  
  25  2:30  Probe (Chrono Boost)  
  25  2:32  Probe (Chrono Boost)  
  27  2:41  Probe (Chrono Boost), Pylon  
  27  2:43  Probe (Chrono Boost)  
  29  2:48  Gateway  
  29  2:56  Probe x2 (Chrono Boost)  
  31  3:01  Pylon  
  31  3:02  Gateway  
  31  3:04  Warp Gate (Chrono Boost)  
  31  3:13  Probe, Robotics Facility  
  31  3:16  Probe  
  33  3:24  Probe, Gateway  
  34  3:28  Probe  
  35  3:34  Assimilator  
  35  3:36  Stalker  
  35  3:38  Probe, Sentry  
  40  3:41  Probe  
  41  3:53  Forge  
  41  3:54  Pylon  
  41  3:57  Pylon  
  41  3:58  Probe  
  41  3:59  Probe  
  43  4:08  Probe  
  43  4:10  Assimilator  
  43  4:12  Probe  
  43  4:14  Pylon  
  45  4:19  Stalker, Pylon  
  47  4:30  Observer (Chrono Boost)  
  43  4:39  Photon Cannon  
  43  4:45  Photon Cannon  
  40  5:41  Probe x2, Photon Cannon  
  42  5:44  Photon Cannon  
  42  5:53  Probe x2, Immortal (Chrono Boost)  
  42  5:55  Stalker  
  50  5:58  Sentry x3  
  56  6:05  Probe x2  
  58  6:17  Probe  
  58  6:18  Probe  
  60  6:20  Stalker  
  60  6:21  Stalker  
  64  6:26  Sentry  
  64  6:30  Probe x2  
  68  6:51  Probe  
  68  6:52  Probe  
  70  7:01  Stargate  
  70  7:03  Stargate  
  70  7:04  Probe x2, Stalker x2  
  70  7:05  Stalker x2  
  80  7:10  Pylon  
  76  7:28  Zealot x3  
  76  7:29  Zealot  
  80  7:30  Immortal (Chrono Boost)  
  80  7:35  Protoss Shields Level 1 (Chrono Boost)  
  84  7:50  Phoenix x2  
  88  8:03  Immortal  
  88  8:06  Zealot x2  
  96  8:13  Twilight Council  
  96  8:15  Phoenix x2  
  100  8:38  Warp Prism  
  100  8:39  Pylon  
  100  8:42  Nexus  
  100  8:46  Phoenix, Pylon  
  100  8:47  Phoenix  
  106  8:52  Charge (Chrono Boost)  
  106  9:03  Probe x2  
  106  9:07  Protoss Ground Weapons Level 1 (Chrono Boost)  
  108  9:13  Zealot x4  
  108  9:15  Probe x2  
  118  9:24  Phoenix  
  118  9:25  Phoenix  
  122  9:44  Zealot x2  
  126  9:50  Pylon  
  126  9:51  Pylon  
  126  9:54  Pylon  
  126  9:58  Pylon  
  126  10:02  Pylon  
  126  10:05  Pylon  
  125  10:23  Zealot x2  
  125  10:24  Zealot x2  
  133  10:30  Gateway  
  133  10:33  Gateway  
  133  10:34  Gateway  
  133  10:37  Gateway  
  133  10:41  Pylon  
  133  10:43  Probe  
  133  10:44  Probe, Photon Cannon  
  133  10:45  Probe, Photon Cannon  
  136  10:56  Probe  
  136  10:57  Probe x2  
  136  11:01  Sentry  
  136  11:02  Sentry x3  
  147  11:14  Protoss Shields Level 2  
  147  11:23  Photon Cannon  
  147  11:28  Zealot  
  147  11:29  Zealot x5  
  159  11:41  Blink (Chrono Boost)  
  159  11:48  Zealot x2  
  159  11:49  Zealot x2  
  167  12:11  Zealot x3  
  167  12:12  Zealot x5  
  167  12:36  Immortal  
  163  12:38  Phoenix x2  
  163  12:39  Zealot  
  163  12:40  Zealot x6  
  181  12:54  Gateway  
  181  12:59  Gateway, Assimilator  
  181  13:02  Assimilator  
  181  13:09  Zealot  
  181  13:10  Zealot x2  
  187  13:13  Sentry x3  
  187  13:14  Sentry  
  187  13:15  Sentry  
  187  13:16  Protoss Ground Armor Level 1  
  187  13:17  Pylon  
  197  13:21  Pylon  
  197  14:02  Zealot x2  
  199  14:18  Nexus  
  199  14:21  Pylon  
  199  14:23  Pylon  
  199  14:26  Pylon  
  199  14:28  Pylon  
  199  14:30  Pylon  
  199  14:34  Pylon  
  199  14:36  Pylon  
  199  14:39  Photon Cannon  
  199  14:41  Photon Cannon  
  199  14:43  Photon Cannon  
  199  14:44  Photon Cannon  
  199  14:46  Photon Cannon  
  199  14:48  Photon Cannon  
  199  14:51  Pylon  
  199  14:52  Pylon  
  128  16:28  Zealot  
  128  16:30  Zealot x5  
  128  16:31  Zealot x4  
  80  16:49  Zealot  
  80  16:53  Zealot x3  
  80  16:54  Zealot x6  
  98  17:09  Immortal  
  98  17:14  Zealot x5  
  98  17:15  Zealot x5  
  102  17:35  Zealot x6, Protoss Ground Armor Level 2  
  102  17:36  Zealot x4  
  122  17:49  Immortal  
  126  18:07  Assimilator  
  126  18:09  Assimilator  
  126  18:18  Zealot  
  126  18:19  Zealot x3  
  134  18:21  Sentry  
  134  18:23  Sentry  
  138  18:28  Observer  
  139  18:36  Templar Archives  
  139  18:42  Sentry x2  
  139  18:43  Sentry x3  
  149  18:49  Immortal  
  153  19:03  Zealot x3  
  153  19:04  Sentry x2  
  153  19:05  Sentry  
  153  19:06  Sentry x2  
  169  19:16  High Templar x2  
  173  19:25  High Templar x3  
  173  19:30  High Templar x2  
  183  19:44  Probe  
  183  19:45  Probe  
  185  20:06  High Templar  
  187  20:07  High Templar  
  189  20:14  Pylon  
  189  20:18  Pylon  
  189  20:28  Psionic Storm  
  189  20:31  Zealot  
  189  20:32  Zealot x4  
  111  21:08  Zealot  
  111  21:09  Zealot x7  
  111  21:10  Zealot x2  
  91  21:30  Zealot x5  
  91  21:31  Zealot x4  
  91  21:32  Zealot  
Show
View Real Time Build Order
Export as new Build Order

CØCÄ Terran - Winner!

Build Orders: 1/1/1, MMM Bio 

Get SALT Encoding   

  12  0:00  SCV  
  13  0:12  SCV  
  14  0:17  Supply Depot  
  14  0:25  SCV  
  15  0:29  Refinery  
  15  0:41  Barracks  
  15  0:46  SCV  
  16  0:58  SCV  
  16  1:01  Refinery  
  17  1:11  SCV  
  18  1:23  SCV  
  19  1:32  Factory  
  19  1:38  Orbital Command  
  19  1:40  Marine  
  20  2:17  Starport  
  20  2:18  Widow Mine, Supply Depot  
  22  2:35  Barracks Tech Lab  
  22  2:43  SCV  
  23  2:46  Widow Mine  
  25  2:55  SCV  
  25  2:56  Marauder  
  28  3:06  Medivac  
  28  3:12  Supply Depot  
  30  3:17  Marine  
  31  3:30  Command Center  
  31  3:33  SCV  
  32  3:36  Factory Tech Lab  
  32  3:43  Marine  
  32  3:47  SCV  
  34  3:53  Supply Depot  
  34  3:56  Siege Tank  
  34  3:57  Starport Reactor  
  34  3:59  SCV  
  38  4:06  Marine  
  39  4:31  Liberator x2  
  39  4:38  Marine  
  39  4:39  Siege Tank  
  49  4:56  Marine  
  48  5:11  Siege Tank  
  49  5:44  Orbital Command  
  49  5:53  Refinery, Barracks  
  49  5:54  Barracks  
  49  5:58  Barracks  
  49  6:00  Supply Depot  
  49  6:20  Siege Tank  
  49  6:22  Medivac x2  
  58  6:47  Marauder  
  58  6:52  Siege Tank  
  61  6:55  Stimpack  
  61  6:59  Barracks Reactor  
  61  7:00  Barracks Reactor  
  61  7:06  Barracks Reactor  
  61  7:10  Marauder  
  61  7:12  Medivac  
  65  7:20  Refinery  
  65  8:03  SCV  
  65  8:04  SCV  
  67  8:15  SCV  
  67  8:16  SCV  
  67  8:17  Marine  
  70  8:22  Supply Depot  
  70  8:23  Supply Depot  
  70  8:29  Supply Depot  
  70  8:36  Engineering Bay  
  70  8:39  Engineering Bay  
  70  8:43  Marine, SCV  
  70  8:47  Siege Tank  
  70  8:48  Medivac x2, Command Center  
  75  8:51  Marine x5  
  75  8:52  Marine  
  86  8:55  SCV  
  86  9:01  Marine  
  87  9:09  Marine x5  
  92  9:10  Marauder  
  94  9:59  Marine x6  
  102  10:00  Marauder  
  86  10:15  Starport  
  86  10:18  Starport  
  86  10:26  Viking x2  
  90  10:34  Orbital Command  
  90  10:37  Marine x4  
  90  10:38  Refinery, Marine x3  
  97  10:50  Terran Infantry Weapons Level 1, Terran Infantry Armor Level 1  
  97  10:52  Combat Shields  
  97  10:55  Marine x2  
  99  11:00  Starport Reactor  
  99  11:02  Starport Tech Lab  
  99  11:05  Armory  
  99  11:09  SCV  
  100  11:14  Supply Depot  
  100  11:16  Supply Depot  
  100  11:19  Marine x3  
  100  11:20  Marauder, Marine x3  
  100  11:21  SCV  
  109  11:31  Supply Depot  
  109  11:36  SCV  
  109  11:37  Marine  
  111  11:40  Missile Turret  
  111  11:46  Marine, Missile Turret  
  111  11:47  Marine x4  
  112  11:48  SCV  
  112  11:49  Marauder  
  119  12:06  Missile Turret  
  119  12:07  Marine  
  119  12:08  Marine x5  
  122  12:09  Missile Turret  
  122  12:10  Marauder  
  123  12:20  Orbital Command  
  122  12:25  Marine  
  119  12:47  Armory  
  119  12:52  Marine x3  
  119  12:53  Marine x2  
  124  13:02  Barracks  
  124  13:05  Barracks  
  124  13:14  Concussive Shells  
  112  14:06  Viking x4  
  112  14:07  Viking  
  122  14:24  Missile Turret  
  122  14:26  Missile Turret  
  122  14:29  Missile Turret  
  122  14:32  Marine x4  
  122  14:33  Marine x2  
  122  14:36  Viking, Barracks Reactor  
  122  14:37  Barracks Reactor  
  130  14:45  Missile Turret  
  130  14:47  Supply Depot, Missile Turret  
  130  14:50  Supply Depot  
  130  14:51  Marine x3  
  133  14:58  Terran Infantry Weapons Level 2  
  133  15:09  Marine x2  
  133  15:11  Supply Depot  
  133  15:12  Supply Depot  
  135  15:56  Marine x3  
  135  15:57  Marine x3, Missile Turret  
  138  15:58  Marauder, Marine x3  
  138  16:19  Marauder  
  132  16:30  Marine x7  
  132  16:31  Marine  
  135  16:40  Marine  
  135  16:42  Medivac  
  140  16:47  Marine x2  
  131  17:21  Marine x2  
  131  17:22  Marine x4  
  134  17:23  Marauder, Marine x2  
  136  17:39  Marine x2  
  138  18:33  Command Center  
  138  18:35  Command Center  
  138  18:45  Viking x3  
  144  19:06  Marine x2  
  146  19:15  Viking x2  
  150  19:51  Planetary Fortress  
  150  20:00  Orbital Command  
  150  20:17  Refinery  
  144  21:02  Marine x5  
  144  21:03  Marine x3  
  149  21:18  Marine  
  150  21:20  Marine x4  
  153  21:35  Marine x2  
  153  21:36  Marauder, Marine  
  159  21:40  Marine x2  
  159  21:41  Marine  
Tags
 
Add a new tag
Caveats
  • Supply blocks, unpowered buildings, or Contaminate may cause inaccurate times.
  • Supply counts are checked every 10 seconds.